 Dungeon Crawl Stone Soup version 0.16-a0-3308-g116f5c4 (webtiles) character file.

350 PolkaDot the Caller (level 6, -4/49 HPs)
             Began as a Vampire Summoner on Dec 26, 2014.
             Slain by a centaur (7 damage)
             ... on level 5 of the Dungeon.
             The game lasted 00:13:52 (3836 turns).

PolkaDot the Caller (Vampire Summoner)              Turns: 3836, Time: 00:13:52

Health: -4/49      AC:  4    Str:  7    XL:     6   Next: 33%
Magic:  10/10      EV: 12    Int: 19    God:
Gold:   235        SH:  0    Dex: 14    Spells: 3 memorised, 0 levels left

rFire  . . .     SeeInvis +     l - -2 dagger (curse)
rCold  + . .     Clarity  .     a - +1 robe
rNeg   . . .     SustAb   .     (no shield)
rPois  .         Gourm    .     g - +0 helmet
rElec  .         Spirit   .     (no cloak)
rCorr  .         Warding  .     (no gloves)
rMut   .         Stasis   +     (no boots)
MR     .....                    n - amulet of stasis
Stlth  +.........               (no ring)
                                (no ring)

@: confused, lethally poisoned, regenerating very quickly, not resistant to
hostile enchantments, very unstealthy
A: bottle blood, fangs 3, see invisible, cold resistance 1, unbreathing
a: no special abilities


You were on level 5 of the Dungeon.
You were almost alive.

You visited 1 branch of the dungeon, and saw 5 of its levels.

You collected 235 gold pieces.

Inventory:

Hand weapons
 d - a +0 spear
 k - a +2 dagger of electrocution
 l - a cursed -2 dagger (weapon)
Armour
 a - a +1 robe (worn)
 g - a +0 helmet (worn)
 j - a +0 buckler
Jewellery
 m - a cursed -2 ring of protection {unknown}
 n - an amulet of stasis (around neck)
Magical devices
 c - a wand of draining (2)
 i - a wand of draining (2)
Scrolls
 h - a scroll of fear
 p - a scroll of amnesia
 q - a scroll of teleportation {unknown}
 r - a scroll of remove curse {unknown}
Potions
 f - 13 potions of blood {@*1}
Books
 b - a book of Callings

   Spells                             Type                      Level
   a - Summon Small Mammal            Summoning                    1
   b - Call Imp                       Summoning                    2
   c - Call Canine Familiar           Summoning                    3
   d - Summon Guardian Golem          Hexes/Summoning              4
   e - Summon Lightning Spire         Summoning/Air                4
   f - Summon Ice Beast               Ice/Summoning                4


   Skills:
 * Level 4.7 Fighting
 - Level 2.1 Dodging
 - Level 3.0 Stealth
 - Level 2.0 Spellcasting
 + Level 5.1 Summonings
 + Level 1.5 Evocations


You couldn't memorise any spells.
You knew the following spells:

 Your Spells              Type           Power        Failure   Level  Hunger
d - Call Canine Familiar  Summ           ###.....     8%          3    ###....
i - Summon Ice Beast      Ice/Summ       ##......     63%         4    #####..
s - Call Imp              Summ           ###.....     3%          2    ###....


Dungeon Overview and Level Annotations

Branches:
Dungeon (5/15)
 Temple: D:4-7

Altars:
Cheibriados
Gozag
Makhleb
Nemelex Xobeh
Qazlal


Innate Abilities, Weirdness & Mutations

Your natural rate of healing is extremely fast.
You can bottle blood from corpses.
You have razor-sharp teeth.
You have supernaturally acute eyesight.
You can survive without breathing.
Your flesh is cold resistant.


Message History

You feel invigorated.
The centaur hits you but does no damage.
The centaur closely misses you.
You feel sick. The centaur misses you. The centaur hits you!
* * * LOW HITPOINT WARNING * * *
The centaur hits you.
* * * LOW HITPOINT WARNING * * *
The centaur hits you!
* * * LOW HITPOINT WARNING * * *
You feel sick. The centaur hits you.
* * * LOW HITPOINT WARNING * * *
The centaur hits you.
* * * LOW HITPOINT WARNING * * *
The centaur hits you.
* * * LOW HITPOINT WARNING * * *
You feel sick. The centaur hits you!
* * * LOW HITPOINT WARNING * * *
The centaur hits you!
You die...

####### ####
##.....#
#...###......#
#...(c@5.....#
#...###(.....#####
.......
#...........
.......
#.....(.....
.......
#............
###...
#..<......... ...S
#.#.......... #...
.......######
.###+#....#


You could see a centaur and a friendly white imp.

Vanquished Creatures
  A phantom (D:3)
  A scorpion (D:5)
  An orc priest (D:3)
  3 adders
  2 worms (D:2)
  2 giant geckos
  An ooze (D:3)
  6 orcs
  2 ball pythons
  4 bats
  4 giant cockroaches
  7 hobgoblins
  13 jackals
  3 quokkas
  A giant newt (D:4)
  16 goblins
  10 kobolds
  8 rats
85 creatures vanquished.

Vanquished Creatures (collateral kills)
  A scorpion (D:4)
  A worker ant (D:4)
  Robin (D:3)
  3 adders
  5 gnolls
  A worm (D:2)
  2 bats
  A giant cockroach (D:2)
  3 hobgoblins
  5 jackals
  A quokka (D:3)
  6 goblins
  A kobold (D:1)
  A quokka skeleton (D:4)
  3 rats
35 creatures vanquished.

Vanquished Creatures (others)
  A quokka (D:2)
  A rat (D:1)
2 creatures vanquished.

Grand Total: 122 creatures vanquished

Notes
Turn   | Place    | Note
--------------------------------------------------------------
     0 | D:1      | PolkaDot, the Vampire Summoner, began the quest for the Orb.
     0 | D:1      | Reached XP level 1. HP: 13/13 MP: 3/3
   142 | D:1      | Reached skill level 1 in Fighting
   216 | D:1      | Reached XP level 2. HP: 5/21 MP: 1/4
   847 | D:1      | Reached XP level 3. HP: 18/28 MP: 6/6
  1159 | D:1      | Learned a level 2 spell: Call Imp
  1163 | D:1      | Learned a level 3 spell: Call Canine Familiar
  1519 | D:2      | Found a snail-covered altar of Cheibriados.
  1590 | D:2      | Reached XP level 4. HP: 35/35 MP: 7/7
  1868 | D:3      | Noticed Robin
  1922 | D:3      | Killed Robin
  2182 | D:3      | Found a stormy altar of Qazlal.
  2273 | D:3      | Noticed a phantom
  2299 | D:3      | Killed a phantom
  2299 | D:3      | Reached XP level 5. HP: 37/42 MP: 2/9
  2336 | D:3      | Found a burning altar of Makhleb.
  2404 | D:3      | Gained mutation: Your flesh is cold resistant. [potion of beneficial mutation]
  2433 | D:3      | Found a sparkling altar of Nemelex Xobeh.
  2890 | D:4      | Reached skill level 1 in Evocations
  3119 | D:4      | Reached skill level 5 in Summonings
  3119 | D:4      | Reached XP level 6. HP: 45/49 MP: 0/10
  3140 | D:4      | Found an opulent altar of Gozag.
  3526 | D:4      | Learned a level 4 spell: Summon Ice Beast
  3538 | D:5      | Entered Level 5 of the Dungeon
  3836 | D:5      | Slain by a centaur

Action                   |  1- 3 |  4- 6 || total
-------------------------+-------+-------++-------
Melee: Unarmed           |    26 |       ||    26
       Dagger            |    22 |   347 ||   369
       Short sword       |    69 |       ||    69
       Spear             |    73 |    15 ||    88
 Cast: Summon Small Mamm |    19 |       ||    19
       Call Imp          |     1 |    19 ||    20
       Call Canine Famil |     1 |     8 ||     9
Evoke: Wand              |       |     1 ||     1
  Use: Potion            |     7 |    20 ||    27
       Scroll            |       |     8 ||     8
 Stab: Sleeping          |     1 |     4 ||     5
       Distracted        |     1 |     3 ||     4
       Invisible         |       |     2 ||     2
  Eat: Corpse            |     9 |       ||     9
